Map: Dusty Gorge

Players

llllllllllll

  • Race: Terran Terran
  • Spawn Location: 9:00

Hunter

  • Race: Zerg Zerg
  • Spawn Location: 11:00

PureLegacy - Winner!

  • Race: Terran Terran
  • Spawn Location: 5:00

eninyaD - Winner!

  • Race: Protoss Protoss
  • Spawn Location: 3:00

VOD

Have the link to the VOD?

Description

Time

  • Played on: Nov. 24, 2018, 9:16 a.m.
  • Length: 16:26
Show
View Real Time Build Order
Export as new Build Order

llllllllllll Terran 

Build Orders: 1/1/1, Liberator Opening 

Get SALT Encoding   

  12  0:00  SCV  
  13  0:13  SCV  
  14  0:19  Supply Depot  
  14  0:25  SCV  
  15  0:31  Refinery  
  15  0:40  SCV  
  16  0:46  Barracks  
  16  0:53  SCV  
  17  0:59  Refinery  
  17  1:05  SCV  
  18  1:17  SCV  
  19  1:29  SCV  
  20  1:35  Factory  
  20  1:39  Reaper  
  21  1:42  Orbital Command  
  21  1:52  Supply Depot  
  21  2:08  SCV  
  22  2:11  Reaper  
  23  2:19  Hellion  
  23  2:20  SCV  
  26  2:25  Starport  
  26  2:32  SCV  
  27  2:40  Hellion  
  30  2:44  SCV  
  30  2:50  Supply Depot  
  30  2:55  Liberator, Barracks Reactor  
  30  2:56  SCV  
  31  3:01  Factory Tech Lab  
  31  3:12  SCV  
  35  3:27  Siege Tank  
  37  3:36  Marine  
  37  3:37  Marine  
  39  3:52  Supply Depot  
  39  3:54  Command Center  
  39  4:00  Marine x2  
  38  4:13  Siege Tank  
  41  4:20  Marine  
  41  4:23  Command Center  
  40  4:28  Marine  
  38  4:37  Marine  
  39  4:41  SCV  
  40  4:45  Barracks  
  40  4:53  SCV  
  40  4:59  Marine  
  42  5:05  SCV  
  43  5:09  Orbital Command  
  43  5:17  Marine, SCV  
  45  5:23  Barracks  
  45  5:25  Engineering Bay  
  45  5:29  Starport Reactor, SCV  
  45  5:35  Siege Tank  
  49  5:39  Marine  
  49  5:40  Marine  
  51  5:43  SCV  
  51  5:49  Barracks Tech Lab  
  52  5:54  SCV  
  52  5:55  Terran Infantry Weapons Level 1  
  50  5:57  Marine x2  
  51  6:06  Marine  
  51  6:09  Stimpack  
  51  6:11  Orbital Command  
  51  6:15  Marine  
  52  6:24  Marine x2  
  54  6:25  Missile Turret, Barracks Reactor  
  49  6:34  SCV  
  49  6:35  SCV  
  49  6:36  SCV  
  52  6:44  Medivac x2  
  52  6:47  SCV x2  
  58  6:49  Marine  
  59  6:58  Orbital Command  
  48  7:14  Medivac  
  46  7:16  Marine x3  
  46  7:17  Marine x2  
  46  7:20  SCV x2  
  49  7:34  Marine x4  
  49  7:35  Marine  
  54  7:52  Marine  
  54  7:53  Siege Tank  
  54  7:54  SCV  
  59  7:59  SCV  
  60  8:06  Missile Turret  
  60  8:09  Combat Shield  
  60  8:11  Marine  
  60  8:12  Marine x3  
  64  8:29  Marine x2  
  64  8:30  Marine x3  
  69  8:40  Medivac  
  70  8:47  Marine x3  
  70  8:48  Marine x2  
  57  8:49  SCV  
  58  8:57  Siege Tank  
  61  9:03  SCV x2  
  61  9:05  Marine x5  
  61  9:07  Terran Infantry Armor Level 1  
  69  9:10  SCV  
  69  9:23  Marine x5  
  74  9:37  Siege Tank  
  77  9:39  Barracks  
  77  9:41  Marine  
  77  9:42  SCV  
  77  9:45  Barracks  
  53  10:02  Marine x3  
  53  10:03  Marine x2  
  57  10:13  Medivac  
  57  10:14  Medivac  
  46  10:43  Medivac  
  46  10:46  Medivac  
  46  10:48  Orbital Command  
  46  10:49  Marine  
  45  10:50  Marine x2  
  41  10:57  Barracks Reactor  
  41  11:08  Barracks Reactor  
  41  11:14  SCV x2  
  43  11:27  Siege Tank  
  46  11:42  Marine  
  46  12:46  Marine x6  
  46  12:49  Supply Depot  
  54  12:53  Marine  
  54  12:54  SCV x2  
  42  13:10  Marine x5, SCV x2  
  42  13:11  Marine  
  32  13:26  SCV  
  33  13:28  Marine x5  
  33  13:31  Marine  
  23  13:46  Marine x3  
  21  13:53  Marine  
  21  13:54  Marine  
  11  14:25  Orbital Command  
  11  14:56  SCV  
  12  15:27  Marine  
Show
View Real Time Build Order
Export as new Build Order

Hunter Zerg 

Build Orders: Hatch First 

Get SALT Encoding   

  12  0:01  Drone  
  13  0:12  Overlord  
  13  0:19  Drone  
  14  0:31  Drone x2  
  16  0:39  Drone  
  17  0:46  Drone  
  18  1:00  Hatchery  
  18  1:01  Drone  
  18  1:10  Drone  
  19  1:12  Extractor  
  18  1:23  Drone, Spawning Pool  
  18  1:35  Drone  
  19  1:41  Drone  
  20  1:51  Overlord  
  20  2:01  Drone  
  21  2:11  Queen x2  
  21  2:15  Metabolic Boost  
  25  2:23  Overlord  
  25  2:31  Zergling x2  
  25  2:32  Zergling x4  
  28  2:38  Zergling x2  
  28  2:39  Zergling x2  
  30  2:48  Zergling x4  
  31  3:05  Zergling x2  
  31  3:06  Zergling x2  
  30  3:15  Zergling x4  
  31  3:22  Zergling x4  
  33  3:30  Drone x5  
  38  3:47  Zergling x6  
  41  3:55  Baneling Nest, Overlord  
  41  3:56  Overlord  
  40  4:05  Spore Crawler  
  40  4:06  Spore Crawler  
  40  4:07  Zergling x12  
  40  4:08  Zergling x2  
  42  4:25  Zergling x2  
  42  4:26  Zergling x8  
  44  4:37  Zergling x2  
  44  4:38  Zergling x6  
  47  4:40  Zergling x4  
  45  4:53  Zergling x2  
  45  4:54  Zergling x2  
  44  5:13  Zergling x2  
  47  5:14  Zergling x10  
  45  5:27  Zergling x4  
  45  5:28  Zergling x4  
  45  5:35  Zergling x6  
  46  5:38  Zergling x2  
  46  5:39  Zergling x2  
  44  5:46  Zergling x6  
  47  5:52  Zergling x2  
  47  5:54  Drone  
  45  6:04  Baneling x2  
  45  6:05  Baneling x4  
  45  6:08  Zergling x16  
  45  6:11  Hatchery  
  52  6:17  Baneling  
  52  6:19  Drone x2  
  52  6:20  Queen  
  56  6:29  Zergling x4  
  58  6:35  Baneling  
  55  6:52  Zergling x8  
  55  6:53  Zergling x2  
  57  6:56  Overlord x2  
  52  7:24  Drone x5  
  52  7:25  Drone x2  
  44  7:55  Drone x4  
  44  7:56  Drone  
  49  7:58  Lair  
  49  7:59  Hatchery  
  42  8:06  Drone x5  
  42  8:07  Zergling x2  
  42  8:08  Zergling x8  
  52  8:19  Zergling x2  
  54  8:20  Zergling x4  
  54  8:23  Zergling x4  
  54  8:24  Zergling x6  
  60  8:33  Baneling x4  
  60  8:37  Zergling x2  
  60  8:38  Zergling x6  
  64  8:47  Extractor  
  63  8:51  Drone x2  
  63  8:52  Drone x2  
  67  9:03  Centrifical Hooks  
  67  9:14  Spore Crawler  
  66  9:17  Spore Crawler  
  66  9:18  Spore Crawler, Baneling x2  
  66  9:19  Baneling x2  
  66  9:20  Drone x2  
  66  9:25  Drone x11  
  66  9:26  Extractor  
  76  9:40  Drone  
  77  9:45  Extractor  
  62  10:01  Baneling x4  
  62  10:02  Baneling, Zergling x2  
  62  10:03  Zergling x30  
  77  10:19  Zergling x2  
  77  10:20  Zergling x2  
  79  10:25  Baneling x4  
  79  10:26  Baneling x7  
  79  10:27  Baneling x2  
  74  10:34  Overlord x3  
  74  10:35  Overlord x2  
  65  11:01  Spore Crawler  
  63  11:17  Zergling x2  
  63  11:18  Zergling x24  
  71  11:42  Drone  
  71  11:43  Drone x8  
  80  11:58  Baneling x4  
  80  11:59  Drone  
  80  12:00  Drone x5  
  86  12:12  Zergling x6  
  86  12:13  Zergling x2  
  90  12:16  Baneling x2  
  90  12:17  Baneling x7, Hatchery  
  90  12:18  Baneling x3  
  90  12:22  Zergling x2  
  90  12:23  Zergling x8  
  92  12:48  Zergling x2  
  92  12:49  Zergling x18  
  99  12:54  Baneling x2  
  99  12:55  Baneling x4  
  99  12:58  Zergling x2  
  87  13:40  Zergling x2  
  87  13:41  Zergling x34  
  96  13:59  Evolution Chamber, Spire  
  96  14:01  Evolution Chamber  
  83  14:06  Zergling x6  
  83  14:07  Zergling x20  
  94  14:23  Baneling x5  
  85  14:25  Zergling x10  
  85  14:27  Baneling x4  
  90  14:37  Spore Crawler  
  88  14:47  Baneling  
  88  14:48  Baneling x7, Extractor x2  
  88  14:51  Overlord  
  61  15:22  Zergling x32  
  61  15:23  Zergling x6  
  62  15:53  Mutalisk x2  
  62  15:54  Mutalisk x6  
Show
View Real Time Build Order
Export as new Build Order

PureLegacy Terran - Winner!

Build Orders:  

Get SALT Encoding   

  12  0:00  SCV  
  13  0:13  SCV  
  14  0:22  Supply Depot  
  14  0:25  SCV  
  15  0:30  Refinery  
  15  0:43  SCV  
  15  0:45  Barracks  
  16  0:55  SCV  
  17  1:03  Barracks  
  17  1:20  Barracks  
  17  1:24  SCV  
  18  1:34  Reaper  
  19  1:40  Orbital Command  
  19  1:48  Refinery  
  19  1:52  Reaper  
  20  2:05  Supply Depot  
  20  2:06  Reaper  
  21  2:09  Reaper  
  21  2:14  SCV  
  23  2:27  Reaper, SCV  
  25  2:35  Supply Depot  
  25  2:38  Reaper  
  25  2:39  SCV  
  27  2:47  Reaper  
  28  2:55  SCV  
  29  2:59  Reaper  
  30  3:11  Reaper  
  31  3:25  SCV  
  31  3:26  Command Center  
  32  3:37  SCV  
  34  3:45  Barracks Reactor, Barracks Tech Lab  
  34  3:46  Barracks Reactor  
  32  3:49  Factory, SCV  
  32  4:07  Marine  
  32  4:08  Stimpack  
  31  4:11  SCV  
  32  4:18  Engineering Bay  
  32  4:25  Marine x4  
  32  4:26  Marine  
  32  4:28  SCV  
  38  4:33  Factory Reactor, Starport  
  38  4:43  Marine x3  
  41  4:50  Terran Infantry Weapons Level 1  
  41  4:53  SCV, Orbital Command  
  41  4:58  Marine  
  41  4:59  Marine  
  44  5:01  Marine  
  45  5:11  SCV  
  46  5:21  SCV  
  46  5:23  SCV  
  46  5:25  Marine x3  
  46  5:26  Marine x2  
  48  5:33  Medivac  
  48  5:34  Medivac  
  52  5:38  SCV x2  
  53  5:47  Marine x2  
  53  5:48  Marine x2  
  54  5:52  Factory Tech Lab  
  54  6:00  Supply Depot  
  54  6:07  Barracks  
  54  6:08  Barracks  
  54  6:21  Marine  
  54  6:22  SCV x2, Siege Tank  
  54  6:25  Supply Depot  
  60  6:27  Refinery  
  60  6:28  Marine x3  
  60  6:29  Marine, Combat Shield  
  64  6:34  SCV  
  64  6:37  SCV  
  66  6:40  Marine  
  65  6:52  Marine x3, SCV  
  57  6:59  Marine x4  
  45  7:13  Marine x3  
  42  7:16  Marine  
  42  7:19  Marine x2  
  48  7:22  Siege Tank  
  48  7:25  Marine  
  49  7:33  Medivac x2, Marine x3  
  56  7:48  Barracks Reactor x2  
  56  7:53  Marine x2  
  56  7:54  Marine x3  
  61  8:07  SCV  
  61  8:09  SCV, Siege Tank  
  66  8:12  Supply Depot  
  66  8:21  Supply Depot  
  66  8:25  Marine  
  66  8:26  Marine x2  
  70  8:28  Marine  
  70  8:32  Medivac  
  70  8:34  Medivac  
  68  8:42  Barracks  
  68  8:43  Barracks  
  68  8:45  Barracks  
  68  8:46  Barracks  
  61  8:50  Siege Tank  
  64  9:04  SCV x2  
  66  9:15  Terran Infantry Armor Level 1  
  66  9:16  Marine x2, SCV x2  
  66  9:17  Marine x2  
  72  9:28  SCV x2  
  74  9:34  Marine x2  
  74  9:35  Marine x2  
  78  9:42  Marine x3, SCV x2  
  78  9:43  Supply Depot  
  83  10:00  Siege Tank  
  83  10:14  Marine x3  
  79  10:18  Marine x5  
  86  10:32  Marine x3, Siege Tank  
  86  10:33  Armory, Engineering Bay  
  92  10:35  Marine  
  92  10:36  Supply Depot, Marine  
  92  10:49  Marine x2  
  81  10:50  Marine, SCV x2  
  81  10:53  Marine  
  81  10:55  Factory, Barracks Reactor x3  
  80  10:57  Refinery  
  80  11:02  SCV  
  81  11:06  Siege Tank  
  81  11:07  Marine x3  
  81  11:08  SCV  
  88  11:11  Marine  
  88  11:14  SCV  
  84  11:25  SCV  
  83  11:26  SCV  
  83  11:27  Marine x4  
  83  11:28  Marine  
  83  11:29  Marine  
  89  11:34  Marine  
  89  11:35  Marine  
  89  11:38  Siege Tank  
  94  11:40  Medivac x2  
  94  11:42  Marine  
  94  11:45  Marine  
  94  11:46  SCV  
  94  11:47  SCV  
  99  11:53  Marine x3  
  102  12:00  Supply Depot x2  
  102  12:02  Supply Depot  
  102  12:18  Factory Tech Lab  
  102  12:21  Marine x12  
  102  12:22  Siege Tank  
  117  12:24  Terran Infantry Weapons Level 2  
  113  12:39  Marine x5  
  118  12:57  Marine x2  
  105  13:14  Marine x4  
  105  13:15  Marine x2, SCV x2  
  99  13:27  SCV  
  100  13:39  Marine x2  
  100  13:40  Siege Tank x2  
  106  13:41  Medivac  
  106  13:42  Medivac, Marine  
  106  13:43  Marine x4  
  108  14:01  Marine x4  
  108  14:03  Marine x3  
  108  14:05  SCV  
  108  14:06  SCV  
  113  14:11  Medivac x2  
  113  14:12  Siege Tank  
  109  14:31  SCV x2  
  110  14:39  Command Center  
  110  14:48  SCV  
  110  14:50  Supply Depot  
  110  14:51  Supply Depot  
  111  15:10  Marine x5  
  111  15:11  Marine x4  
  111  15:12  SCV x2  
  122  15:20  Marine  
  122  15:21  Marine x2  
  112  15:28  Marine  
  115  15:29  Medivac x2  
  119  15:36  Marine x4  
  119  15:37  Marine x2  
Show
View Real Time Build Order
Export as new Build Order

eninyaD Protoss - Winner!

Build Orders: Oracle Opening 

Get SALT Encoding   

  12  0:02  Probe  
  13  0:14  Probe  
  14  0:21  Pylon  
  14  0:26  Probe  
  15  0:39  Probe  
  15  0:42  Gateway  
  16  0:51  Assimilator, Probe  
  16  0:56  Assimilator  
  17  1:04  Probe  
  18  1:16  Gateway  
  18  1:20  Probe  
  19  1:31  Cybernetics Core  
  19  1:33  Pylon  
  19  1:38  Probe, Warp Gate  
  19  1:50  Probe  
  20  2:02  Probe  
  21  2:09  Adept x2  
  21  2:14  Probe  
  26  2:30  Stargate  
  26  2:32  Probe  
  26  2:35  Pylon  
  27  2:44  Probe  
  27  2:47  Pylon  
  28  3:07  Gateway  
  28  3:16  Oracle  
  27  3:48  Oracle  
  27  3:50  Zealot  
  27  3:52  Sentry  
  34  4:05  Nexus  
  34  4:08  Pylon  
  34  4:09  Probe  
  33  4:24  Zealot x2  
  33  4:25  Phoenix  
  37  4:32  Zealot  
  36  5:01  Zealot  
  36  5:02  Zealot x2  
  33  5:11  Probe  
  31  5:28  Probe  
  27  5:52  Probe  
  27  5:54  Probe  
  26  6:06  Probe  
  27  6:11  Probe  
  28  6:21  Probe  
  29  6:30  Probe  
  30  6:33  Probe  
  31  6:42  Probe  
  32  6:53  Zealot  
  35  6:54  Probe  
  35  7:03  Probe  
  35  7:06  Probe  
  27  9:02  Probe  
  28  9:10  Probe  
  29  9:20  Probe  
  28  9:32  Probe  
  29  9:44  Probe  
  30  10:54  Probe  
  30  11:02  Probe  
  32  11:12  Probe  
  33  11:22  Probe  
  34  11:30  Probe  
  34  11:32  Assimilator  
  34  11:33  Assimilator  
  34  11:38  Probe  
  35  11:46  Probe  
  37  11:54  Probe  
Tags
 
Add a new tag
Caveats
  • Supply blocks, unpowered buildings, or Contaminate may cause inaccurate times.
  • Supply counts are checked every 10 seconds.